 Dungeon Crawl Stone Soup version bcrawl-1.40.3b (webtiles) character file.

Game seed: 16304992251526972734

454669 foxfromabyss the Covert (level 12, -5/94 HPs)
             Began as a Gnoll Sloth Apostle on Dec 14, 2023.
             Was the Champion of Cheibriados.
             Slain by a swamp worm (7 damage)
             ... on level 2 of the Lair of Beasts.
             The game lasted 00:15:02 (10534 turns).

foxfromabyss the Covert (Gnoll Sloth Apostle)      Turns: 10534, Time: 00:15:03

Health: -5/94      AC: 15    Str: 39    XL:     12   Next: 44%
Magic:  0/23       EV: 18    Int: 30    God:    Cheibriados [******]
Gold:   1051       SH: 15    Dex: 30    Spells: 25/26 levels left

rFire    . . .     GDR:     42% N - +4 mace
rCold    . . .     SeeInvis .   c - +0 medium shield
rNeg     . . .     Gourm    .   y - +1 ring mail {rPois}
rPois    +         Faith    .   l - +2 helmet
rElec    .         Spirit   +   (no cloak)
rCorr    .         Reflect  .   (no gloves)
MR       .....     Clarity  +   (no boots)
Stlth    +++++++...             u - amulet of guardian spirit
HPRegen  0.25/turn              x - +5 ring of protection
MPRegen  0.18/turn              B - ring of stealth

@: mighty, swift, flying, very slow
A: distributed training, fangs 1, strong nose
a: Bend Time, Defer, Temporal Distortion, Step From Time, Renounce Religion


You were on level 2 of the Lair of Beasts.
You worshipped Cheibriados.
Cheibriados was exalted by your worship.
You were hungry.

You visited 2 branches of the dungeon, and saw 11 of its levels.
You also visited: Ossuary.

You collected 1051 gold pieces.

Inventory:

Hand Weapons
 a - a +0 falchion
 t - a +0 dagger of venom
 N - a +4 mace (weapon)
Missiles
 z - 262 poisoned tomahawks (quivered)
Armour
 c - a +0 medium shield (worn)
 l - a +2 helmet (worn)
 y - a +1 ring mail of poison resistance (worn)
Jewellery
 u - an amulet of guardian spirit (around neck)
 x - a +5 ring of protection (left hand)
 B - a ring of stealth (right hand)
 M - an uncursed ring of poison resistance
 R - a +4 ring of protection
 S - a cursed ring of ice
Wands
 d - a wand of paralysis (7)
 o - a wand of iceblast (18)
 F - a wand of scattershot (7)
 K - a wand of random effects (8)
 O - a wand of flame (20)
 P - a wand of digging (3)
Scrolls
 g - 2 scrolls of amnesia {unknown}
 h - 2 scrolls of fear {unknown}
 i - 15 scrolls of identify
 k - 3 scrolls of teleportation {unknown}
 m - a scroll of noise {unknown}
 p - 3 scrolls of immolation {unknown}
 q - 5 scrolls of remove curse {unknown}
 r - 2 scrolls of enchant armour {unknown}
 w - 5 scrolls of enchant weapon {unknown}
 A - 2 scrolls of revelation {unknown}
 D - a scroll of silence {unknown}
 J - a scroll of vulnerability {unknown}
 Q - 3 scrolls of acquirement {unknown}
Potions
 b - a potion of lignification {unknown}
 f - 3 potions of flight
 j - 4 potions of mutation {unknown}
 n - 2 potions of magic {unknown}
 s - 3 potions of might
 v - 5 potions of heal wounds {unknown}
 C - a potion of agility {unknown}
 G - 2 potions of degeneration {unknown}
 H - a potion of cancellation {unknown}
 I - a potion of invisibility {unknown}
 L - a potion of berserk rage {unknown}
Comestibles
 e - 16 rations {!d}


   Skills:
 + Level 8.6 Fighting
 + Level 7.1 Short Blades
 + Level 8.6 Long Blades
 + Level 7.1 Axes
 + Level 7.1 Maces & Flails
 + Level 7.1 Polearms
 + Level 7.1 Staves
 + Level 7.1 Slings
 + Level 7.1 Bows
 + Level 7.1 Crossbows
 + Level 7.1 Throwing
 + Level 7.1 Armour
 + Level 7.1 Dodging
 + Level 9.7 Stealth
 + Level 8.6 Shields
 + Level 7.1 Unarmed Combat
 + Level 7.7 Spellcasting
 + Level 5.9 Conjurations
 + Level 7.1 Hexes
 + Level 5.9 Charms
 + Level 5.9 Summonings
 + Level 5.9 Necromancy
 + Level 5.9 Translocations
 + Level 5.9 Transmutations
 + Level 5.9 Fire Magic
 + Level 5.9 Ice Magic
 + Level 5.9 Air Magic
 + Level 5.9 Earth Magic
 + Level 5.9 Poison Magic
 + Level 7.8 Invocations
 + Level 7.7 Evocations


You had 25 spell levels left.
You knew the following spells:

 Your Spells              Type           Power        Failure   Level  Hunger
a - Slow                  Hex            ######..     1%          1    None
Your spell library was empty.

Dungeon Overview and Level Annotations

Branches:
Dungeon (9/12)             Temple (0/1) D:5            Lair (2/6) D:8
  Swamp: Lair:2-4    Shoals: Lair:2-4     Snake: Lair:2-4    Spider: Lair:2-4
    Orc: D:8-11

Altars:
Cheibriados
Elyvilon
Hepliaklqana
Kikubaaqudgha
Makhleb
Nemelex Xobeh
Okawaru
Qazlal
Ru
Trog
Vehumet
Wu Jian
Xom
Zin
The Shining One

Shops:
D:5 =   D:8 ?

Portals:
Trove: D:9 (give +2 acid dragon scales)

Annotations:
D:6 3 runed translucent doors, Dado's ghost, novice EnSA


Innate Abilities, Weirdness & Mutations

Your experience applies equally to all skills.
You have very sharp teeth.
Your uncanny sense of smell can sniff out nearby items.


Message History

You block the swamp worm's attack. The swamp worm completely misses you.
You block the swamp worm's attack. The swamp worm misses you.
Okay, then.
You feel better. The swamp worm completely misses you.
You block the swamp worm's attack.
The swamp worm bites you but does no damage. x3
It was a potion of might.
You feel very mighty all of a sudden. The swamp worm closely misses you.
You block the swamp worm's attack.
The swamp worm bites you but does no damage. x2
You block the swamp worm's attack.
It was a potion of flight.
You feel very buoyant.
You fly up into the air. "This would be unforgivable if you put any effort into moving so quickly!"
The swamp worm barely misses you. You block the swamp worm's attack.
The swamp worm barely misses you. The swamp worm bites you!!
* * * LOW HITPOINT WARNING * * *
The swamp worm bites you!
You die...

##...≈≈≈ ≈≈≈≈≈≈.).##
##P..≈≈≈# ####≈≈≈..#
.....≈≈≈# ##≈≈.##
.....≈≈≈≈ ∆#≈≈.##
.....≈≈≈# ##≈≈..#
.....≈≈≈#######≈≈≈.P#
#....≈≈≈≈≈≈≈≈≈≈≈..##
##.#.www†≈≈≈≈≈...#.#
#.#@w...##≈##.###
#####..######## ####


You could see 4 swamp worms.

Vanquished Creatures
  2 hydras
  Fannar (Lair:2)
  Psyche (D:8)
  A two-headed ogre (D:9)
  A centaur warrior (D:9)
  An ugly thing (D:8)
  A black mamba (Lair:1)
  4 cane toads
  3 komodo dragons (Lair:1)
  An eye of draining (D:9)
  A yaktaur (D:9)
  A troll (D:8)
  Grinder (D:3)
  2 dream sheep
  4 hippogriffs
  Grum (D:8)
  11 yaks
  Edmund (D:4)
  2 hungry ghosts
  2 swamp worms (Lair:2)
  2 water moccasins (Lair:2)
  6 porcupines
  3 orc warriors (D:9)
  A sky beast (D:5)
  A cane toad skeleton (D:8)
  An ice beast (D:7)
  3 phantoms
  A black bear (D:8)
  A hornet zombie (D:7)
  4 ogres
  9 wolves
  8 bullfrogs
  An elf zombie (Ossuary)
  3 kobold brigands (D:8)
  A wyvern zombie (D:9)
  3 centaurs
  4 scorpions
  A killer bee (D:8)
  7 wights (D:9)
  6 electric eels (D:7)
  4 orc priests
  A howler monkey (D:4)
  6 crimson imps
  A hound (D:7)
  A human zombie (Ossuary)
  4 jellies
  A bullfrog skeleton (D:6)
  8 orc wizards
  Jessica (D:3)
  8 worker ants
  2 iguanas
  3 hound zombies
  5 mummies
  2 worker ant zombies
  Robin (D:3)
  4 gnolls (D:3)
  8 adders
  A centaur zombie (Ossuary)
  2 shadow imps
  An ooze (D:5)
  8 adder zombies
  2 adder skeletons
  5 worms
  5 dart slugs
  3 leopard geckos
  23 orcs
  3 bats
  3 giant cockroaches
  A gnoll zombie (Ossuary)
  15 goblins
  9 hobgoblins
  16 jackals
  3 quokkas
  3 frilled lizards
  4 goblin zombies
  6 hobgoblin zombies (Ossuary)
  A jackal skeleton (D:3)
  A jackal zombie (Ossuary)
  7 kobolds
  3 kobold zombies (Ossuary)
  2 orc zombies
  4 quokka zombies (Ossuary)
  6 rats
  2 rat zombies (Ossuary)
307 creatures vanquished.

Vanquished Creatures (others)
  7 fungi (D:8)
  8 plants
15 creatures vanquished.

Grand Total: 322 creatures vanquished

Notes
Turn   | Place    | Note
-------+----------+-------------------------------------------
     0 | D:1      | foxfromabyss the Gnoll Sloth Apostle began the quest for
                  | the Orb.
     0 | D:1      | Reached XP level 1. HP: 20/20 MP: 4/4
   168 | D:1      | Reached XP level 2. HP: 26/26 MP: 5/5
   666 | D:2      | Reached XP level 3. HP: 25/31 MP: 7/7
   884 | D:2      | Reached skill level 1 in Invocations
  1061 | D:2      | Found an ornate altar of the Wu Jian Council.
  1112 | D:2      | Reached * piety under Cheibriados
  1327 | D:3      | Reached skill level 1 in Short Blades
  1327 | D:3      | Reached skill level 1 in Axes
  1327 | D:3      | Reached skill level 1 in Maces & Flails
  1327 | D:3      | Reached skill level 1 in Polearms
  1327 | D:3      | Reached skill level 1 in Staves
  1327 | D:3      | Reached skill level 1 in Slings
  1327 | D:3      | Reached skill level 1 in Bows
  1327 | D:3      | Reached skill level 1 in Crossbows
  1327 | D:3      | Reached skill level 1 in Throwing
  1327 | D:3      | Reached skill level 1 in Armour
  1327 | D:3      | Reached skill level 1 in Dodging
  1327 | D:3      | Reached skill level 1 in Unarmed Combat
  1327 | D:3      | Reached XP level 4. HP: 38/38 MP: 8/8
  1362 | D:3      | Reached skill level 1 in Conjurations
  1362 | D:3      | Reached skill level 1 in Charms
  1362 | D:3      | Reached skill level 1 in Summonings
  1362 | D:3      | Reached skill level 1 in Necromancy
  1362 | D:3      | Reached skill level 1 in Translocations
  1362 | D:3      | Reached skill level 1 in Transmutations
  1362 | D:3      | Reached skill level 1 in Fire Magic
  1362 | D:3      | Reached skill level 1 in Ice Magic
  1362 | D:3      | Reached skill level 1 in Air Magic
  1362 | D:3      | Reached skill level 1 in Earth Magic
  1362 | D:3      | Reached skill level 1 in Poison Magic
  1532 | D:3      | Reached XP level 5. HP: 41/43 MP: 9/9
  1557 | D:3      | Noticed Jessica
  1568 | D:3      | Killed Jessica
  1629 | D:3      | Noticed Robin
  1684 | D:3      | Reached ** piety under Cheibriados
  1716 | D:3      | Killed Robin
  1800 | D:3      | Noticed Grinder
  1822 | D:3      | Killed Grinder
  1823 | D:3      | Reached skill level 5 in Fighting
  1823 | D:3      | Reached skill level 5 in Long Blades
  1823 | D:3      | Reached skill level 5 in Shields
  1823 | D:3      | Reached XP level 6. HP: 44/51 MP: 9/11
  1886 | D:3      | Found a sparkling altar of Nemelex Xobeh.
  2232 | D:4      | Found an iron altar of Okawaru.
  2362 | D:4      | Reached XP level 7. HP: 34/56 MP: 12/12
  2481 | D:4      | Reached skill level 7 in Stealth
  2582 | D:4      | Noticed Edmund
  2594 | D:4      | Killed Edmund
  2621 | D:4      | Reached *** piety under Cheibriados
  2662 | D:4      | Found a glowing golden altar of the Shining One.
  2792 | D:4      | Reached XP level 8. HP: 63/63 MP: 14/14
  2890 | D:4      | Found a radiant altar of Vehumet.
  3319 | D:5      | Entered Level 5 of the Dungeon
  3362 | D:5      | Found Sooqe's Jewellery Boutique.
  3553 | D:5      | Found a staircase to the Ecumenical Temple.
  3639 | D:5      | Found a white marble altar of Elyvilon.
  4317 | D:6      | Reached **** piety under Cheibriados
  4508 | D:6      | Noticed a hippogriff
  4523 | D:6      | Killed a hippogriff
  4524 | D:6      | Reached skill level 5 in Hexes
  4524 | D:6      | Reached XP level 9. HP: 61/69 MP: 13/16
  4597 | D:6      | Found a runed translucent gate.
  4597 | D:6      | Found a runed translucent gate.
  4599 | D:6      | Found a runed translucent gate.
  4600 | D:6      | Noticed a kobold demonologist
  4604 | D:6      | Identified the +8 short sword "Xarisoed" {venom, rElec
                  | rPois Str-3}
  4604 | D:6      | Noticed Dado's ghost (novice EnSA)
  4625 | D:6      | Found a snail-covered altar of Cheibriados.
  4879 | D:6      | Found a burning altar of Makhleb.
  4938 | D:6      | Reached skill level 5 in Spellcasting
  5253 | D:7      | Reached skill level 5 in Evocations
  6000 | D:7      | Reached skill level 8 in Stealth
  6269 | D:7      | Found a sacrificial altar of Ru.
  6317 | D:7      | Reached ***** piety under Cheibriados
  6318 | D:7      | Reached skill level 5 in Invocations
  6396 | D:7      | Found a bloodstained altar of Trog.
  6648 | D:8      | Reached XP level 10. HP: 59/77 MP: 14/18
  6724 | D:8      | Noticed Psyche
  6729 | D:8      | Killed Psyche
  6730 | D:8      | Reached skill level 5 in Short Blades
  6730 | D:8      | Reached skill level 5 in Axes
  6730 | D:8      | Reached skill level 5 in Maces & Flails
  6730 | D:8      | Reached skill level 5 in Polearms
  6730 | D:8      | Reached skill level 5 in Staves
  6730 | D:8      | Reached skill level 5 in Slings
  6730 | D:8      | Reached skill level 5 in Bows
  6730 | D:8      | Reached skill level 5 in Crossbows
  6730 | D:8      | Reached skill level 5 in Throwing
  6730 | D:8      | Reached skill level 5 in Armour
  6730 | D:8      | Reached skill level 5 in Dodging
  6730 | D:8      | Reached skill level 5 in Unarmed Combat
  6763 | D:8      | Found a glowing silver altar of Zin.
  6765 | D:8      | Found a sand-covered staircase.
  6770 | Ossuary  | Entered an ossuary
  7069 | D:8      | Found a staircase to the Lair.
  7130 | D:8      | Noticed Grum
  7286 | D:8      | Found a shimmering altar of Xom.
  7332 | D:8      | Killed Grum
  7410 | D:8      | Found a stormy altar of Qazlal.
  7708 | D:8      | Found Siobiog's Magic Scroll Shoppe.
  7735 | D:8      | Found a hazy altar of Hepliaklqana.
  7772 | D:8      | Noticed a green ugly thing
  7792 | D:8      | Killed a green ugly thing
  7850 | D:8      | Reached ****** piety under Cheibriados
  7900 | D:8      | Reached XP level 11. HP: 82/84 MP: 20/20
  8102 | D:8      | Noticed a three-headed hydra
  8106 | D:8      | Killed a three-headed hydra
  8107 | D:8      | Reached skill level 9 in Stealth
  8243 | D:9      | Reached skill level 5 in Conjurations
  8243 | D:9      | Reached skill level 5 in Charms
  8243 | D:9      | Reached skill level 5 in Summonings
  8243 | D:9      | Reached skill level 5 in Necromancy
  8243 | D:9      | Reached skill level 5 in Translocations
  8243 | D:9      | Reached skill level 5 in Transmutations
  8243 | D:9      | Reached skill level 5 in Fire Magic
  8243 | D:9      | Reached skill level 5 in Ice Magic
  8243 | D:9      | Reached skill level 5 in Air Magic
  8243 | D:9      | Reached skill level 5 in Earth Magic
  8243 | D:9      | Reached skill level 5 in Poison Magic
  8560 | D:9      | Noticed a centaur warrior
  8575 | D:9      | Killed a centaur warrior
  8730 | D:9      | Found an ancient bone altar of Kikubaaqudgha.
  8735 | D:9      | Found a portal to a secret trove of treasure.
  9152 | D:9      | Noticed a two-headed ogre
  9156 | D:9      | Killed a two-headed ogre
  9248 | D:9      | Noticed a rakshasa
  9311 | Lair:1   | Entered Level 1 of the Lair of Beasts
  9322 | Lair:1   | Noticed a six-headed hydra
  9424 | Lair:1   | Killed a six-headed hydra
  9432 | Lair:1   | Reached XP level 12. HP: 26/93 MP: 8/23
 10274 | Lair:2   | Noticed Fannar
 10292 | Lair:2   | Killed Fannar
 10534 | Lair:2   | HP: 2/94 [swamp worm (15)]
 10534 | Lair:2   | Slain by a swamp worm

Skill      XL: |  1  2  3  4  5  6  7  8  9 10 11 12 |
---------------+-------------------------------------+-----
Invocations    | 1 2 3 4 5 6 7 |  7.8
Short Blades   | 1 2 3 4 5 6 7 |  7.1
Axes           | 1 2 3 4 5 6 7 |  7.1
Maces & Flails | 1 2 3 4 5 6 7 |  7.1
Polearms       | 1 2 3 4 5 6 7 |  7.1
Staves         | 1 2 3 4 5 6 7 |  7.1
Slings         | 1 2 3 4 5 6 7 |  7.1
Bows           | 1 2 3 4 5 6 7 |  7.1
Crossbows      | 1 2 3 4 5 6 7 |  7.1
Throwing       | 1 2 3 4 5 6 7 |  7.1
Armour         | 1 2 3 4 5 6 7 |  7.1
Dodging        | 1 2 3 4 5 6 7 |  7.1
Unarmed Combat | 1 2 3 4 5 6 7 |  7.1
Spellcasting   | 3 4 5 6 7 |  7.7
Conjurations   | 1 2 3 4 5 |  5.9
Charms         | 1 2 3 4 5 |  5.9
Summonings     | 1 2 3 4 5 |  5.9
Necromancy     | 1 2 3 4 5 |  5.9
Translocations | 1 2 3 4 5 |  5.9
Transmutations | 1 2 3 4 5 |  5.9
Fire Magic     | 1 2 3 4 5 |  5.9
Ice Magic      | 1 2 3 4 5 |  5.9
Air Magic      | 1 2 3 4 5 |  5.9
Earth Magic    | 1 2 3 4 5 |  5.9
Poison Magic   | 1 2 3 4 5 |  5.9
Evocations     | 3 4 5 6 7 |  7.7
Hexes          | 4 5 6 7 |  7.1
Fighting       | 5 6 7 8 |  8.6
Long Blades    | 5 6 7 8 |  8.6
Shields        | 5 6 7 8 |  8.6
Stealth        | 7 8 9 |  9.7

Action                   |  1- 3 |  4- 6 |  7- 9 | 10-12 || total
-------------------------+-------+-------+-------+-------++-------
Melee: Falchion          |    89 |   140 |       |       ||   229
       Bite              |     7 |    18 |    64 |   157 ||   246
       Dagger            |       |    21 |   373 |   371 ||   765
       Mace              |       |       |       |   302 ||   302
Throw: Tomahawk          |       |       |       |     3 ||     3
Evoke: Wand              |       |     1 |     2 |       ||     3
  Use: Potion            |       |       |       |     3 ||     3
 Stab: Sleeping          |    12 |     2 |    21 |    29 ||    64
       Paralysed         |       |     7 |     3 |       ||    10
       Distracted        |       |       |     3 |       ||     3
  Eat: Chunk             |     4 |     7 |    19 |    18 ||    48
       Ration            |       |       |       |     4 ||     4
Armor: Robe              |     8 |       |       |       ||     8
       Ring mail         |    12 |    35 |    97 |   193 ||   337
Dodge: Dodged            |    11 |    38 |    91 |   387 ||   527
Block: Medium shield     |    37 |    74 |   155 |   527 ||   793
